 Dungeon Crawl Stone Soup version 0.29.0-15-g675c0067aa (webtiles) character file.

Game seed: 2289150817082666896

187 qw the Chopper (level 5, -3/32 HPs)
             Began as a Gargoyle Fighter on Sept 12, 2022.
             Slain by an orc priest
             ... wielding a +0 club
              (5 damage)
             ... on level 4 of the Dungeon.
             The game lasted 00:01:01 (3574 turns).

qw the Chopper (Gargoyle Fighter)                   Turns: 3574, Time: 00:01:02

Health: -3/32      AC: 10    Str: 28    XL:     5   Next: 66%
Magic:  5/5        EV: 13    Int:  8    God:
Gold:   79         SH:  4    Dex:  7    Spells: 4/4 levels left

rFire   . . .      SeeInvis .   Y - +0 war axe
rCold   . . .      Faith    .   c - +0 buckler
rNeg    + . .      Spirit   .   b - +0 scale mail
rPois   inf        Reflect  .   (no helmet)
rElec   +          Harm     .   (no cloak)
rCorr   .          Rampage  .   (no gloves)
Will    .....      Clarity  +   (no boots)
Stlth   ..........              (no amulet)
HPRegen 0.10/turn               n - +4 ring of evasion
MPRegen 0.09/turn               f - +6 ring of strength

@: no status effects
A: sickness immunity, AC +4, negative energy resistance 1, electricity
resistance, torment resistance 1, petrification resistance, hooves 1, clarity,
clumsy 1, evolution 1
a: no special abilities


You were on level 4 of the Dungeon.
You visited 1 branch of the dungeon, and saw 4 of its levels.

You collected 212 gold pieces.
You spent 133 gold pieces at shops.


Innate Abilities, Weirdness & Mutations

You are immune to sickness and miasma.
Your stone body is resilient. (AC +4)
You are immune to poison.
You resist negative energy. (rN+)
You are resistant to electric shocks. (rElec)
You are resistant to unholy torment.
You are immune to petrification.
You have large cloven feet.
You possess an exceptional clarity of mind.
You are clumsy. (Dex -2)
You have hidden genetic potential.


   Skills:
 + Level 3.6 Fighting
 - Level 5.0 Axes
 - Level 3.2 Armour
 - Level 3.2 Shields


You had 4 spell levels left.
You didn't know any spells.
Your spell library was empty.

Inventory:

Hand Weapons
 t - a +0 morningstar
 Y - a +0 war axe (weapon)
Armour
 a - a +0 chain mail
 b - a +0 scale mail (worn)
 c - a +0 buckler (worn)
 p - a +0 pair of boots
Jewellery
 f - a +6 ring of strength (right hand)
 n - a +4 ring of evasion (left hand)
 o - a ring of fire
Scrolls
 l - a scroll of identify
 s - 2 scrolls of teleportation
Potions
 d - 4 potions of might
 e - a potion of cancellation {unknown}
 g - a potion of resistance
 h - a potion of degeneration {unknown}
 i - a potion of attraction {unknown}
 j - 2 potions of curing
 k - a potion of mutation
 m - 2 potions of haste {unknown}
 q - a potion of berserk rage {unknown}
 r - a potion of magic {unknown}

Dungeon Overview and Level Annotations

Branches:
Dungeon (4/15)
 Temple: D:4-7

Altars:
Ashenzari
Trog
The Shining One

Shops:
D:1 !   D:4 [


Message History

An orc comes into view. It is wielding a +0 morningstar.
3562 ||| Stepping ~*~*~tactically~*~*~ (stealth).
There is an escape hatch in the floor here.
You hit the orc.
The orc is almost dead.
The orc barely misses you.
3564 ||| Stepping ~*~*~tactically~*~*~ (stealth).
The orc attacks as you move away! The orc hits you but does no damage.
The ball python hisses angrily.
You slash the orc!
You kill the orc!
An orc comes into view. It is wielding a +0 short sword.
The orc shouts!
3568 ||| Stepping ~*~*~tactically~*~*~ (hiding).
The ball python bites you but does no damage.
The ball python closely misses you.
The orc priest invokes the aid of Beogh against you.
Beogh smites you!
There is an escape hatch in the floor here.
You slash the ball python!
You kill the ball python!
You slash the orc!
You kill the orc!
You hit the orc. Your kick misses the orc.
The orc is heavily wounded.
The orc hits you but does no damage. The orc hits you with a +0 short sword.
The orc priest begins to cast a cantrip, but forgets the words!
You slash the orc!
You kill the orc!
You hit the orc priest but do no damage.
The orc priest mumbles some strange prayers to Beogh against you.
You are unaffected.
You hit the orc priest. Your kick misses the orc priest.
The orc priest is lightly wounded.
The orc priest hits you with a +0 club.
You slash the orc priest! Your kick misses the orc priest.
The orc priest is almost dead.
The orc priest invokes the aid of Beogh against you.
Beogh smites you! The orc priest hits you with a +0 club.
You die...

#o#o.[ ### .....
... .... #.. #### #
... #.# #... #.##..
#.# #... ##.....
#.# #[..
......)##.# #...
.......)@.########
#...
.<.....o)...<....#
##.#
.....#######.....#
####.# ...# #.....#
#..... S. #.....#
#..... .
######.....###.....
#..................
#...........##.....
#..........###.....


You could see an orc priest.

Vanquished Creatures
  Jessica (D:2)
  4 adders
  6 gnolls
  2 worms (D:3)
  A dart slug (D:3)
  4 orcs
  4 endoplasms
  3 giant cockroaches (D:2)
  5 goblins
  3 hobgoblins
  2 jackals (D:1)
  4 kobolds
  5 quokkas
  4 ball pythons
  4 bats
  3 frilled lizards
  5 rats
60 creatures vanquished.

Notes
Turn   | Place    | Note
-------+----------+-------------------------------------------
     0 | D:1      | qw the Gargoyle Fighter began the quest for the Orb.
     0 | D:1      | Reached XP level 1. HP: 14/14 MP: 1/1
     0 | D:1      | 0 ||| qw: Version: 0.1-a-119-g272c26d
     0 | D:1      | 0 ||| qw: Game counter: 11032
     0 | D:1      | 0 ||| qw: Always use a shield: true
     0 | D:1      | 0 ||| qw: God list: Okawaru
     0 | D:1      | 0 ||| qw: Allow faded altars: false
     0 | D:1      | 0 ||| qw: Do Orc after D:15 true
     0 | D:1      | 0 ||| qw: Do second Lair branch before Depths: true
     0 | D:1      | 0 ||| qw: Lair rune preference: random
     0 | D:1      | 0 ||| qw: Plans: Normal, Zot, God:TSO, Crypt, Tomb, Pan,
                  | Slime, Hells, Zig, Abyss, Orb
     0 | D:1      | 0 ||| PLANNING D:1-11
   112 | D:1      | Reached skill level 2 in Axes
   394 | D:1      | Found a faded altar of an unknown god.
   416 | D:1      | Reached XP level 2. HP: 19/19 MP: 2/2
   524 | D:1      | Found Hatiog's Distillery.
   531 | D:1      | 531 ||| BUYING potion of curing (30 gold).
   531 | D:1      | Bought a potion of curing for 30 gold pieces
   531 | D:1      | 531 ||| SHOPLISTING potion of curing (30 gold, have 18).
   531 | D:1      | 531 ||| SHOPLISTING potion of heal wounds (50 gold, have
                  | 18).
   531 | D:1      | 531 ||| SHOPLISTING potion of resistance (100 gold, have
                  | 18).
   918 | D:1      | 918 ||| READING scroll labelled SITOYPYUGG.
   919 | D:1      | 919 ||| READING scroll labelled FASTRA OHAEKH.
   920 | D:1      | 920 ||| DRINKING 2 fuming blue potions.
  1079 | D:2      | Reached skill level 3 in Axes
  1079 | D:2      | Reached XP level 3. HP: 19/23 MP: 3/3
  1198 | D:2      | Noticed Jessica
  1199 | D:2      | 1199 ||| Stepping ~*~*~tactically~*~*~ (stealth).
  1213 | D:2      | Killed Jessica
  1214 | D:2      | Reached XP level 4. HP: 18/28 MP: 4/4
  1385 | D:2      | 1385 ||| Stepping ~*~*~tactically~*~*~ (stealth).
  1423 | D:2      | 1423 ||| Stepping ~*~*~tactically~*~*~ (stealth).
  1634 | D:2      | 1634 ||| Stepping ~*~*~tactically~*~*~ (hiding).
  1653 | D:2      | Reached skill level 4 in Axes
  1863 | D:2      | 1863 ||| DROPPING +0 whip.
  2049 | D:2      | 2049 ||| UPGRADING to +4 ring of evasion.
  2050 | D:2      | 2050 ||| READING scroll labelled ELAOXK OMAPPO.
  2054 | D:2      | 2054 ||| READING 2 scrolls labelled VAIVVEU XECW.
  2055 | D:2      | 2055 ||| READING scroll labelled DEM RYASANTI.
  2056 | D:2      | 2056 ||| DRINKING 2 bubbling ruby potions.
  2056 | D:2      | Gained mutation: You are clumsy. (Dex -2) [potion of
                  | mutation]
  2056 | D:2      | Gained mutation: You have large cloven feet. [potion of
                  | mutation]
  2056 | D:2      | Gained mutation: You have hidden genetic potential. [potion
                  | of mutation]
  2136 | D:3      | Found a broken altar of Ashenzari.
  2136 | D:3      | Found a bloodstained altar of Trog.
  2211 | D:3      | 2211 ||| Stepping ~*~*~tactically~*~*~ (stealth).
  2220 | D:3      | Reached XP level 5. HP: 28/32 MP: 5/5
  2616 | D:3      | 2616 ||| DROPPING +0 flail.
  2931 | D:3      | 2931 ||| UPGRADING to +6 ring of strength.
  2932 | D:3      | 2932 ||| READING scroll labelled NOEJOAFAGHUTZY.
  3033 | D:3      | 3033 ||| READING scroll labelled MAISOISTRUGOD.
  3034 | D:3      | 3034 ||| READING 2 scrolls of identify.
  3034 | D:3      | 3034 ||| IDENTIFYING ruby potion
  3035 | D:3      | 3035 ||| DROPPING potion of flight.
  3091 | D:4      | Found Qoetta's Antique Armour Boutique.
  3097 | D:4      | 3097 ||| BUYING chain mail (103 gold).
  3097 | D:4      | Bought a chain mail for 103 gold pieces
  3097 | D:4      | 3097 ||| SHOPLISTING pair of boots (103 gold, have 53).
  3097 | D:4      | 3097 ||| SHOPLISTING plate armour (529 gold, have 53).
  3394 | D:4      | Reached skill level 5 in Axes
  3399 | D:4      | Gained mutation: You possess an exceptional clarity of
                  | mind. [hidden potential]
  3516 | D:4      | Found a glowing golden altar of the Shining One.
  3562 | D:4      | 3562 ||| Stepping ~*~*~tactically~*~*~ (stealth).
  3564 | D:4      | 3564 ||| Stepping ~*~*~tactically~*~*~ (stealth).
  3568 | D:4      | 3568 ||| Stepping ~*~*~tactically~*~*~ (hiding).
  3574 | D:4      | HP: 2/32 [orc priest/divine providence (12)]
  3574 | D:4      | Slain by an orc priest

Levels and vault maps discovered:
D:1:      amcnicky_arrival_blooded_trapdoor, layout_loops_cross, serial_shops,
          nicolae_square_shop, ebering_ecumenical_altar_box
D:2:      layout_rooms, chequers_jeans, kennysheep_cross_room,
          minmay_increasing_density, uniq_jessica
D:3:      layout_basic, gammafunk_temple_overflow_wave, minmay_crystal_room
D:4:      layout_basic, nicolae_sif_muna_condensation, tso_oasis_becter,
          serial_shops, shop, roderic_serpentine_path

Skill      XL: |  1  2  3  4  5 |
---------------+----------------+-----
Axes           | 2 3 4 5 |  5.0
Fighting       | |  3.6
Armour         | |  3.2
Shields        | |  3.2

Action                   |  1- 3 |  4- 6 || total
-------------------------+-------+-------++-------
Melee: War axe           |    79 |   110 ||   189
       Kick              |       |    18 ||    18
Throw: Boomerang         |     6 |    11 ||    17
  Use: Scroll            |     2 |     6 ||     8
       Potion            |     1 |     1 ||     2
Armor: Scale mail        |    50 |    44 ||    94
Dodge: Dodged            |    40 |    44 ||    84
Block: Buckler           |    14 |    18 ||    32

Table legend:
 A = Non-vault XP
 B = Vault XP
 C = Vault XP percentage of total XP
 D = Non-vault monster count
 E = Vault monster count
 F = Vault count percentage of total count
                 A         B        C        D         E       F
            +---------+---------+-------+---------+---------+-------
      Total |     219 |      49 |  18.3 |      52 |       8 |  13.3
            +---------+---------+-------+---------+---------+-------
        D:1 |      17 |       0 |   0.0 |      10 |       0 |   0.0
        D:2 |      77 |      49 |  38.9 |      17 |       8 |  32.0
        D:3 |      69 |       0 |   0.0 |      17 |       0 |   0.0
        D:4 |      56 |       0 |   0.0 |       8 |       0 |   0.0
            +---------+---------+-------+---------+---------+-------
